 Dungeon Crawl Stone Soup version 0.28.0-53-g5a82cb258f (webtiles) character file.

Game seed: 2879835186873733699

97 Zeld the Conjurer (level 4, -5/24 HPs)
             Began as a Gargoyle Conjurer on June 1, 2022.
             Slain by a gnoll
             ... wielding a +0 club
              (6 damage)
             ... on level 2 of the Dungeon.
             The game lasted 00:04:07 (2353 turns).

Zeld the Conjurer (Gargoyle Conjurer)               Turns: 2353, Time: 00:04:08

Health: -5/24      AC:  7    Str: 11    XL:     4   Next: 68%
Magic:  5/9        EV: 11    Int: 20    God:
Gold:   25         SH:  0    Dex:  8    Spells: 7/10 levels left

rFire   . . .      SeeInvis .   (no weapon)
rCold   . . .      Faith    .   (no shield)
rNeg    + . .      Spirit   .   a - +0 robe
rPois   ∞          Reflect  .   (no helmet)
rElec   +          Harm     .   (no cloak)
rCorr   .          Rampage  .   q - +0 pair of gloves
Will    .....                   c - +0 pair of boots
Stlth   ++........              (no amulet)
HPRegen 0.08/turn               (no ring)
MPRegen 0.11/turn               (no ring)

@: no status effects
A: sickness immunity, AC +3, negative energy resistance 1, electricity
resistance, torment resistance 1, petrification resistance
a: no special abilities


You were on level 2 of the Dungeon.
You visited 1 branch of the dungeon, and saw 3 of its levels.

You collected 25 gold pieces.

Inventory:

Missiles
 b - 18 bolts
Armour
 a - a +0 robe (worn)
 c - a +0 pair of boots (worn)
 q - a +0 pair of gloves (worn)
Scrolls
 d - a scroll of identify {unknown}
Potions
 e - a potion of heal wounds {unknown}


   Skills:
 - Level 1.5 Dodging
 - Level 2.1 Stealth
 * Level 3.7 Spellcasting
 + Level 5.1 Conjurations


You had 7 spell levels left.
You knew the following spells:

 Your Spells              Type           Power      Damage    Failure   Level
a - Magic Dart            Conj           96%        1d7       1%          1
b - Searing Ray           Conj           48%        2d6       2%          2

Your spell library contained the following spells:

 Spells                   Type           Power      Damage    Failure   Level
 Dazzling Flash           Conj/Hex       28%        N/A       14%         3
 Fulminant Prism          Conj/Hex       7%         3d7       41%         4
 Iskenderun's Mystic Bla  Conj/Tloc      14%        2d5       41%         4


Dungeon Overview and Level Annotations

Branches:
Dungeon (3/15)

Altars:


Innate Abilities, Weirdness & Mutations

You are immune to sickness and miasma.
Your stone body is resilient. (AC +3)
You are immune to poison.
You resist negative energy. (rN+)
You are resistant to electric shocks. (rElec)
You are resistant to unholy torment.
You are immune to petrification.


Message History

The hobgoblin hits you but does no damage.
The hobgoblin hits you but does no damage.
Found a stone staircase leading down.
The kobold barely misses you. The hobgoblin barely misses you.
The kobold barely misses you.
The goblin hits you with a +1 dagger of draining.
There is a stone staircase leading up here.
Casting: Searing Ray (safe; 2% risk of failure)
Confirm with . or Enter, or press ? or * to list all spells.
Aiming: Searing Ray (safe; 2% risk of failure)
Press: ? - help, Shift-Dir - straight line, f - gnoll, p - gnoll
Aim: a gnoll, wielding a +0 flail (82% to hit)
The searing ray hits the gnoll!
The gnoll is heavily wounded.
The searing ray hits the goblin.
You kill the goblin!
The searing ray hits the gnoll!
The gnoll is heavily wounded. (Press . to maintain the ray.)
The gnoll hits you with a +0 club!
The searing ray hits the gnoll.
The gnoll is severely wounded.
The searing ray hits the gnoll.
The gnoll is severely wounded.
The searing ray hits the hobgoblin!
You kill the hobgoblin!
The gnoll hits you but does no damage.
The searing ray hits the gnoll.
The gnoll is severely wounded.
The gnoll hits you with a +0 club. The gnoll hits you with a +0 flail.
* * * LOW HITPOINT WARNING * * *
Unknown command.
The gnoll closely misses you. The gnoll barely misses you.
You climb upwards.
There is a stone staircase leading down here.
The gnoll hits you with a +0 flail.
* * * LOW HITPOINT WARNING * * *
Unknown command.
The gnoll hits you with a +0 club.
You die...

#
#.###..............##P≈P#..##
#
#..##..##...#.....##..≈.##..#
#
##.##........##..##P..≈P.#..#
#
#.###.##....##..#P.P≈...#..#
# #.#
#.##....##..####≈####..## #
#.# #.##...>##............(.#
# #.#
#.##...g##..###..#####..# #
#.# #.##....g........#####..#
# #.#
#>##.....@..###.........# #
#.# #.####..###.###.######..#
# #.#
#.##.....÷......######..#
#.###.(#.#..###.............#
#........#....#############.#
######.####.#.# #.## #.#
#.#.# #... #.#
#.#.#############.#. #.#
#.................#.


You could see 2 gnolls.

Vanquished Creatures
  Jessica (D:2)
  Terence (D:2)
  A dart slug (D:1)
  4 endoplasms
  3 giant cockroaches
  5 goblins
  8 hobgoblins
  2 jackals (D:2)
  A quokka (D:2)
  9 ball pythons
  2 bats
  A kobold (D:2)
  2 rats
40 creatures vanquished.

Vanquished Creatures (others)
  5 plants (D:2)
5 creatures vanquished.

Grand Total: 45 creatures vanquished

Notes
Turn   | Place    | Note
-------+----------+-------------------------------------------
     0 | D:1      | Zeld the Gargoyle Conjurer began the quest for the Orb.
     0 | D:1      | Reached XP level 1. HP: 10/10 MP: 3/3
   219 | D:1      | Reached XP level 2. HP: 15/15 MP: 0/5
   288 | D:1      | Learned a level 2 spell: Searing Ray
   878 | D:2      | Noticed Terence
   878 | D:2      | Noticed Jessica
   882 | D:2      | Killed Jessica
   883 | D:2      | Reached XP level 3. HP: 19/19 MP: 1/7
  1392 | D:2      | Killed Terence
  1393 | D:2      | Reached skill level 5 in Conjurations
  1393 | D:2      | Reached XP level 4. HP: 21/24 MP: 3/9
  2250 | D:2      | Found a faded altar of an unknown god.
  2351 | D:2      | HP: 1/24 [gnoll/+0 flail (4)]
  2353 | D:2      | Slain by a gnoll

Illustrated notes

Levels and vault maps discovered:
D:1:      dpeg_arrival_orchard, layout_rooms, minivault_24
D:2:      layout_loops_ring, shapermc_ecumenical_altar_hornbeckon, uniq_terence,
          uniq_jessica
D:3:      layout_basic, uniq_sigmund

Skill      XL: |  1  2  3 |
---------------+----------+-----
Spellcasting   | 3 |  3.7
Conjurations   | 5 |  5.1
Dodging        | |  1.5
Stealth        | |  2.1

Action                   |  1- 3 |  4- 6 || total
-------------------------+-------+-------++-------
Melee: Unarmed           |    28 |     6 ||    34
 Cast: Magic Dart        |    18 |     2 ||    20
       Searing Ray       |    11 |    11 ||    22
Armor: Robe              |    14 |    12 ||    26
Dodge: Dodged            |    41 |    12 ||    53
